AoeStats
← Ocelopilli

MegaRandom

508766728Analyzed
4v4 RM · 7d ago on Sep 24, 2026· 26m 26s· 8 players
Game mode
Random Map
Map size
Large (8 player)
Population
200
Speed
Normal
Resources
Standard
Victory
Conquest
Starting age
Dark Age
Ending age
Imperial Age
RankedLock teamsTeams togetherTeam positionsShared explorationLock speedFull tech treeHidden civsTurbo modeCheats
Victory
Defeat
🇲🇽 Danes · Mexico
1191
+14
🇸🇻 Saxons · El Salvador
1171
+15
🇨🇦 Celts · Canada
1141
+16
🇺🇸 Britons · United States
1116
+18
🇦🇺 Japanese · Australia
1178
-16
🇦🇺 Vikings · Australia
1144
-16
🇹🇷 Koreans · Türkiye
1144
-16
🇨🇦 Spanish · Canada
1142
-15
StandingTall
5:50 Loom
11:07 Feudal Age
16:33 Horse Collar
16:59 Fletching
23:53 Castle Age
22:40 Double-Bit Axe
Hungry Hippo
2:10 Loom
11:25 Feudal Age
11:38 Man-at-Arms
25:32 Castle Age
12345
1:13 Loom
12:40 Feudal Age
13:09 Double-Bit Axe
20:56 Castle Age
19:30 Gold Mining
19:30 Stone Mining
23:25 Horse Collar
23:58 Bow Saw
25:24 Heavy Plow
26:03 Stone Shaft Mining
Ghostdog3053
0:36 Loom
15:31 Feudal Age
16:16 Double-Bit Axe
15:56 Man-at-Arms
16:41 Arson
25:37 Castle Age
24:08 Stone Mining
24:58 Wheelbarrow
Monkey King
7:23 Loom
9:59 Feudal Age
12:30 Double-Bit Axe
14:13 Fletching
14:19 Horse Collar
20:22 Castle Age
18:28 Gold Mining
19:29 Padded Archer Armor
21:06 Bodkin Arrow
21:07 Crossbowman
27:40 Wheelbarrow
Ocelopilli
5:09 Loom
9:44 Feudal Age
11:52 Double-Bit Axe
15:27 Wheelbarrow
21:21 Castle Age
21:51 Pikeman
22:54 Bow Saw
24:08 Scale Mail Armor
24:19 Forging
Yaoces
5:20 Loom
9:57 Feudal Age
10:12 Man-at-Arms
13:14 Double-Bit Axe
14:10 Fletching
21:35 Castle Age
20:48 Gold Mining
20:41 Horse Collar
21:37 Crossbowman
22:55 Bow Saw
23:37 Bodkin Arrow
moi
5:45 Loom
10:56 Feudal Age
14:43 Castle Age
12:44 Double-Bit Axe
15:40 Gold Mining
16:18 Bow Saw
18:03 Pikeman
Connection lost

Rejoining the realm…

Still unreachable

The connection could not be restored.

Session expired

The server has moved on; the page needs a fresh start.